 Dungeon Crawl Stone Soup version 0.30-a0-1114-gd936c97349 (webtiles) character file.

Game seed: 2776415732257075278

83992 Jeffwins the Destroyer (level 16, -8/108 HPs)
             Began as a Human Wanderer on Apr 20, 2023.
             Was the Champion of Vehumet.
             Killed from afar by a frost giant (56 damage)
             ... with a bolt of cold
             ... on level 15 of the Dungeon.
             The game lasted 01:01:15 (25757 turns).

Jeffwins the Destroyer (Human Wanderer)            Turns: 25757, Time: 01:01:16

Health: -8/108     AC: 13    Str: 15    XL:     16   Next: 26%
Magic:  16/30      EV: 12    Int: 30    God:    Vehumet [******]
Gold:   1174       SH: 17    Dex: 16    Spells: 2/35 levels left

rFire   + + .      SeeInvis .    e - staff of fire
rCold   . . .      Faith    .    y - +7 kite shield "Ucwac" {+Blink +Inv Stlth+}
rNeg    . . .      Spirit   .    a - +0 troll leather armour
rPois   +          Reflect  .    z - +2 helmet {Int+3}
rElec   +          Rampage  .    l - +2 cloak {rPois}
rCorr   .                        f - +2 pair of gloves of Valour {rElec Int+2}
Will    +....                    (no boots)
Stlth   ++++                     v - amulet of magic regeneration
HPRegen 1.18/turn                g - ring of the Bellicose God {rElec Dex+6 Slay+3}
MPRegen 0.62/turn                V - ring "Ryuqoq" {Drain rF+ Int+7 Dex-3}

@: very slightly contaminated, studying Evocations
A: no striking features
a: Renounce Religion, Evoke Blink, Evoke Invisibility


You were on level 15 of the Dungeon.
You worshipped Vehumet.
Vehumet was exalted by your worship.
You visited 3 branches of the dungeon, and saw 21 of its levels.
You also visited: Bailey and Gauntlet.

You collected 3015 gold pieces.
You spent 1841 gold pieces at shops.


   Skills:
 + Level 4.5 Fighting
 - Level 6.0 Throwing
 - Level 1.0 Armour
 + Level 4.8 Dodging
 - Level 5.0 Stealth
 + Level 6.8 Shields
 * Level 10.0 Spellcasting
 * Level 10.8 Conjurations
 * Level 4.2 Summonings
 + Level 0.4 Translocations
 * Level 7.3 Transmutations
 - Level 10.0 Fire Magic
 - Level 8.0 Air Magic
 - Level 8.0 Earth Magic
 * Level 9.9 Poison Magic
 + Level 9.6 Evocations


You had 2 spell levels left.
You knew the following spells:

 Your Spells              Type           Power      Damage    Failure   Level
a - Flame Wave            Conj/Fire      86%        2d18      1%          4
o - Olgreb's Toxic Radia  Pois           65%        N/A       1%          4
p - Poisonous Vapours     Pois/Air       100%       N/A       1%          2
s - Sticky Flame          Conj/Fire      86%        2d10      1%          4
v - Spellforged Servitor  Conj/Summ      28%        N/A       69%         7
x - Stone Arrow           Conj/Erth      100%       3d13      1%          3
z - Foxfire               Conj/Fire      100%       2x1d9     1%          1
I - Blink                 Tloc           34%        N/A       14%         2
X - Eringya's Noxious Bo  Tmut/Pois      30%        N/A       13%         6

Your spell library contained the following spells:

 Spells                   Type           Power      Damage    Failure   Level
 Arcjolt                  Conj/Air       32%        1d42      1%          5
 Beastly Appendage        Tmut           100%       N/A       1%          1
 Sting                    Tmut/Pois      100%       1d8       1%          1
 Ensorcelled Hibernation  Hex/Ice        30%        N/A       17%         2
 Inner Flame              Hex/Fire       61%        N/A       1%          3
 Mephitic Cloud           Conj/Pois/Air  64%        N/A       1%          3
 Spider Form              Tmut/Pois      61%        N/A       1%          3
 Volatile Blastmotes      Fire/Tloc      100%       2d18      1%          3
 Petrify                  Tmut/Erth      57%        N/A       4%          4
 Freezing Cloud           Conj/Ice/Air   25%        6-21      7%          5
 Animate Armour           Summ/Erth      100%       N/A       9%          4
 Summon Lightning Spire   Summ/Air       51%        N/A       9%          4
 Ice Form                 Ice/Tmut       37%        N/A       24%         4
 Manifold Assault         Tloc           17%        N/A       67%         4
 Anguish                  Hex/Necr       7%         N/A       73%         4
 Lehudib's Crystal Spear  Conj/Erth      32%        10d8      97%         8
 Storm Form               Tmut/Air       28%        N/A       99%         7
 Maxwell's Capacitive Co  Air            29%        ∞         99%         8
 Enfeeble                 Hex            7%         N/A       100%        7

Inventory:

Hand Weapons
 O - a +1 demon whip of venom
 W - the +2 trident "Jellyslayer" {protect, *Slow rF++ Will++ SInv}
   (You bought it in a shop on level 7 of the Dungeon)

   rF:        It greatly protects you from fire.
   SInv:      It lets you see invisible.
   *Slow:     It may slow you when you take damage.
   Will:      It greatly increases your willpower.
Missiles
 B - 56 poisoned darts (quivered)
 M - a throwing net {=f}
 S - 13 curare-tipped darts {=f}
 X - 2 datura-tipped darts
Armour
 a - a +0 troll leather armour (worn)
 f - the +2 pair of gloves of Valour (worn) {rElec Int+2}
   (You found it in a Gauntlet)

   Int:       It affects your intelligence (+2).
   rElec:     It insulates you from electricity.
 l - a +2 cloak of poison resistance (worn)
 r - a +1 leather armour of cold resistance
 y - the +7 kite shield "Ucwac" (worn) {+Blink +Inv Stlth+}
   (You acquired it on level 15 of the Dungeon)

   +Inv:      It lets you turn invisible.
   +Blink:    It lets you blink.
   Stlth:     It makes you more stealthy.
 z - a +2 helmet of intelligence (worn)
Magical Staves
 e - a staff of fire (weapon)
Jewellery
 g - the ring of the Bellicose God (left hand) {rElec Dex+6 Slay+3}
   (You found it in a Gauntlet)

   [ring of dexterity]

   Dex:       It affects your dexterity (+6).
   Slay:      It affects your accuracy & damage with ranged weapons and melee
   (+3).
   rElec:     It insulates you from electricity.
 v - an amulet of magic regeneration (around neck)
 C - a ring of protection from cold
 E - a +5 ring of evasion
 F - the ring of Deweh {Fire rN+++ Will++ Int-3}
   (You found it on level 15 of the Dungeon)

   [ring of fire]

   It enhances your fire magic.
   Int:       It affects your intelligence (-3).
   rF:        It protects you from fire.
   rC:        It makes you vulnerable to cold.
   rN:        It renders you almost immune to negative energy.
   Will:      It greatly increases your willpower.
 I - a +6 ring of intelligence
 K - the ring of Shadows {Umbra +Inv Stlth+}
   (You took it off a minotaur in a Gauntlet)

   [ring of stealth]

   Umbra:     It surrounds you with an aura of shadow, increasing your stealth
   and reducing the accuracy of all others within it.
   +Inv:      It lets you turn invisible.
   Stlth:     It makes you more stealthy.
 N - a ring of positive energy
 V - the ring "Ryuqoq" (right hand) {Drain rF+ Int+7 Dex-3}
   (You found it on level 2 of the Lair of Beasts)

   [ring of protection from fire]

   Int:       It affects your intelligence (+7).
   Dex:       It affects your dexterity (-3).
   rF:        It protects you from fire.
   Drain:     It drains your maximum health when unequipped.
Wands
 b - a wand of polymorph (4)
 k - a wand of iceblast (14)
 q - a wand of acid (6)
 A - a wand of digging (17)
 D - a wand of paralysis (1)
 J - a wand of flame (13)
 Z - a wand of mindburst (17)
Scrolls
 i - 4 scrolls of immolation {!r}
 j - 4 scrolls of fear
 m - 4 scrolls of poison {!r}
 n - 8 scrolls of teleportation {@r4}
 o - 10 scrolls of enchant weapon
 s - 4 scrolls of amnesia
 u - 4 scrolls of fog
 L - 5 scrolls of magic mapping
 T - 9 scrolls of enchant armour
 U - a scroll of summoning
Potions
 c - 6 potions of haste {@q3}
 d - 3 potions of flight
 h - 6 potions of heal wounds {@q2}
 p - 2 potions of resistance
 t - 3 potions of mutation {!q}
 w - 5 potions of cancellation
 G - 5 potions of invisibility
 H - 15 potions of curing {@q1}
 Q - 8 potions of brilliance
 R - 2 potions of magic
 Y - 2 potions of might
Miscellaneous
 x - a condenser vane (inert)
 P - a phantom mirror

Dungeon Overview and Level Annotations

Branches:
Dungeon (15/15)            Temple (1/1) D:6            Lair (5/5) D:8
  Swamp (0/4) Lair:3        Snake (0/4) Lair:2        Slime (0/5) Lair:5
    Orc (0/2) D:11         Vaults (0/5) D:13         Depths (0/4) D:15
 Bailey (visited)         Gauntlet (visited)

Altars:
Ashenzari
Cheibriados
Dithmenos
Elyvilon
Fedhas
Gozag
Hepliaklqana
Kikubaaqudgha
Makhleb
Nemelex Xobeh
Okawaru
Qazlal
Ru
Sif Muna
Trog
Uskayaw
Vehumet
Wu Jian
Xom
Yredelemnul
Zin
The Shining One
Jiyva

Shops:
D:1 :   D:2 !   D:4 [   D:7 (   D:9 ![(=   D:14 ?

Annotations:
D:3 1 runed translucent door, Crazy Yiuf
D:9 1 runed translucent door, sargonster's ghost, novice HOBe
Lair:2 3 runed translucent doors, TheSexyCheese's ghost, journeyman OgFE
Lair:5 1 runed translucent door

#.#
#.▒▒▒▒▒▒▒▒▒▒
#.▒≈≈.......
#.▒≈.▒≈§≈▒ ▒+▒
#.▒.....Q▒...▒
#.).▒▒≈§.'.>.▒
#
##▒....§§▒...▒
##
▒≈.▒≈C§▒▒▒+▒
#. ▒≈≈@.......
####.
▒▒▒▒▒▒▒▒▒▒▒
####....
#.....).
##......
#...### ###. #
#


You could see a frost giant (corroded) and a tengu warrior.


Message History

* * * LOW HITPOINT WARNING * * *
Unknown command.
Unknown command.
Unknown command.
Casting: Blink (safe; 14% risk of failure)
Confirm with . or Enter, or press ? or * to list all spells.
Aiming: Stone Arrow (safe; 1% risk of failure)
Press: ? - help, Shift-Dir - straight line, f/p - frost giant
Aim: a frost giant, wielding a +2 battleaxe of freezing (acidic fog, water, heavily wounded, poisoned, 98% to hit)
The stone arrow hits the frost giant!
The frost giant is severely wounded.
The tengu warrior shoots an arrow.
You block the arrow.
The frost giant is engulfed in acidic fog.
The acid corrodes the frost giant!
The frost giant points at you and mumbles some strange words.
The bolt of cold hits you!!
* * * LOW HITPOINT WARNING * * *
Unknown command.
Unknown command.
You feel much better.
You feel stable enough to blink again.
The frost giant looks more healthy.
The tengu warrior shoots an arrow.
The arrow hits you.
* * * LOW HITPOINT WARNING * * *
The frost giant is engulfed in acidic fog.
The frost giant seems to be corroded for longer.
The frost giant points at you and mumbles some strange words.
The bolt of cold hits you!!!
Ouch! That really hurt!
You die...

Skill      XL: |  1  2  3  4  5  6  7  8  9 10 11 12 13 14 15 16 |
---------------+-------------------------------------------------+-----
Conjurations   | 1 2 3 4 5 7 8 9 10 | 10.8
Fire Magic     | 2 3 4 5 6 7 8 9 10 | 10.0
Throwing       | 2 3 5 6 |  6.0
Spellcasting   | 3 4 5 7 8 9 10 | 10.0
Evocations     | 2 3 4 5 6 7 8 9 |  9.6
Earth Magic    | 2 3 6 7 8 |  8.0
Air Magic      | 1 3 4 5 6 7 8 |  8.0
Poison Magic   | 1 3 6 7 8 9 |  9.9
Shields        | 1 2 4 5 6 |  6.8
Fighting       | 1 2 3 4 |  4.5
Stealth        | 1 3 4 5 |  5.0
Dodging        | 1 2 3 4 |  4.8
Transmutations | 6 7 |  7.3
Summonings     | 1 3 4 |  4.2
Armour         | |  1.0
Translocations | |  0.4

Action                     |  1- 3 |  4- 6 |  7- 9 | 10-12 | 13-15 | 16-18 || total
---------------------------+-------+-------+-------+-------+-------+-------++-------
  Melee: Dagger            |    60 |     2 |       |       |       |       ||    62
         Quarterstaff      |       |     6 |       |       |       |       ||     6
         Mace              |       |    25 |       |       |       |       ||    25
         Staff             |       |    26 |    26 |    35 |    53 |       ||   140
         Punch             |       |     3 |       |       |       |       ||     3
  Throw: Boomerang         |       |     6 |       |       |       |       ||     6
         Dart              |       |       |       |     8 |       |       ||     8
   Cast: Foxfire           |    71 |   138 |   176 |   113 |    79 |    28 ||   605
         Stone Arrow       |       |       |    44 |   242 |   514 |    40 ||   840
         Olgreb's Toxic Ra |       |       |       |     1 |    33 |    11 ||    45
         Eringya's Noxious |       |       |       |       |    20 |       ||    20
         Poisonous Vapours |       |       |       |       |    23 |     6 ||    29
         Sticky Flame      |       |       |       |       |     3 |     1 ||     4
         Blink             |       |       |       |       |       |     2 ||     2
  Evoke: Wand              |       |       |     5 |     2 |     2 |     2 ||    11
         Condenser vane    |       |       |       |       |       |     1 ||     1
    Use: Scroll            |     2 |       |     6 |    13 |     6 |     1 ||    28
         Potion            |       |       |       |     1 |     5 |     2 ||     8
   Stab: Sleeping          |     1 |     1 |       |       |       |       ||     2
 Armour: Robe              |    19 |    28 |       |       |       |       ||    47
         Animal skin       |       |    15 |     4 |       |       |       ||    19
         Leather armour    |       |       |    32 |    11 |       |       ||    43
         Steam dragon scal |       |       |       |    26 |       |       ||    26
         Troll leather arm |       |       |       |    15 |   105 |    10 ||   130
  Dodge: Dodged            |    34 |    63 |    64 |    83 |   142 |     9 ||   395
  Block: Kite shield       |       |       |       |    53 |   169 |    16 ||   238

Levels and vault maps discovered:
D:1:      minmay_arrival_doors, layout_basic, nicolae_ecumenical_lake_church,
          nicolae_shop_vocational
D:2:      layout_loops_cross, serial_shops, shop,
          minmay_randomly_rotated_circles
D:3:      layout_basic, lemuel_doored_altar, uniq_crazy_yiuf_cottage
D:4:      layout_loops_ring, mainiacjoe_overflow_chevrons,
          kennysheep_orc_sif_temple, serial_shops, shop, uniq_ijyb, uniq_robin
D:5:      layout_basic, hangedman_abyss_or_decor_lesser_grid,
          minmay_misc_feat_tower, nrook_pool_corridor, st_stairs_7,
          hangedman_decor_diamond_cutter
D:6:      minmay_polygon_palace, layout_loops_cross,
          mainiacjoe_overflow_large_starburst,
          minmay_temple_entry_statues_fountains, kennysheep_boxes, uniq_maggie,
          uniq_blork_the_orc
D:7:      layout_basic, mainiacjoe_overflow_tiny_flanked,
          nicolae_overflow_hidden_temple, serial_shops, shop, enter_bailey_5
D:8:      layout_basic, lair_entry_dummy, grunt_ministairs_9,
          chequers_serial_rivers_large_b, lemuel_flamethrower_1, uniq_joseph
D:9:      layout_roguey, serial_shops, shop, nicolae_shop_hallway_stairs,
          nicolae_shop_tiny_real_fake_doors, shop_fountains,
          ebering_ghost_funeral_grove, corexii_leaking_fountain
D:10:     layout_small_grid, dk_yredelemnul_ordeal
D:11:     layout_loops_cross, david_orc_5, laboratory
D:12:     layout_loops_corners, hive_lemuel
D:13:     layout_roguey, david_vaults_2
D:14:     layout_basic, nzn_wu_jian_contemplation, serial_shops,
          nicolae_shop_rolled_up, eino_small_chamber_without_monster,
          nicolae_kikubaaqudgha_miasma_corner
D:15:     grunt_enter_depths_snipers, layout_rooms, nemelex_spade_bored_becter,
          enter_trove_2
Temple:   minmay_temple_curvy_branch
Lair:1:   beast_lair_carwin_large_4, layout_long_grid
Lair:2:   layout_gridlike, nicolae_snake_entry_squirm,
          ebering_ghost_rock_garden, chequers_serial_rivers_small_b,
          uniq_amaemon
Lair:3:   layout_roguey, swamp_mist, gauntlet_entry_generic, grunt_megastairs_3
Lair:4:   layout_roguey, st_stairs_3
Lair:5:   minmay_lair_end_enchanted_forest, layout_hall_layers, slime_entry_2,
          uniq_sonja

Notes
Turn   | Place    | Note
-------+----------+-------------------------------------------
     0 | D:1      | Jeffwins the Human Wanderer began the quest for the Orb.
     0 | D:1      | Jeffwins set off with the following items: a +0 dagger, 9
                  | boomerangs, a potion of haste {@q3}, a +0 robe; and the
                  | following spells available to memorise: Beastly Appendage,
                  | Foxfire, Volatile Blastmotes, Ice Form, Petrify.
     0 | D:1      | Reached XP level 1. HP: 13/13 MP: 3/3
     2 | D:1      | Learned a level 1 spell: Foxfire
   200 | D:1      | Reached XP level 2. HP: 19/19 MP: 0/5
   327 | D:1      | Found a faded altar of an unknown god.
   569 | D:1      | Found Kulahaz's Vocational Training.
   766 | D:1      | Reached skill level 1 in Conjurations
   850 | D:1      | Reached XP level 3. HP: 24/24 MP: 2/6
  1393 | D:2      | Found Loskas's Distillery.
  1402 | D:2      | Bought a potion of degeneration for 10 gold pieces
  1989 | D:2      | Reached skill level 2 in Fire Magic
  1989 | D:2      | Reached XP level 4. HP: 24/30 MP: 1/7
  2276 | D:3      | Found a runed translucent door.
  2277 | D:3      | Noticed Crazy Yiuf
  2509 | D:3      | Found an iron altar of Okawaru.
  3191 | D:3      | Reached XP level 5. HP: 20/35 MP: 0/9
  3697 | D:4      | Reached skill level 2 in Conjurations
  3740 | D:4      | Reached skill level 2 in Throwing
  3740 | D:4      | Reached skill level 3 in Spellcasting
  3799 | D:4      | Noticed Robin
  3924 | D:4      | Reached XP level 6. HP: 21/41 MP: 6/10
  4146 | D:4      | Found an ornate altar of the Wu Jian Council.
  4275 | D:4      | Killed Robin
  4455 | D:4      | Found Afretuiv's Armour Emporium.
  4485 | D:4      | Reached skill level 3 in Fire Magic
  4485 | D:4      | Reached skill level 2 in Evocations
  4612 | D:4      | Noticed Ijyb
  4630 | D:4      | Killed Ijyb
  4790 | D:4      | Found a shimmering blue altar of Sif Muna.
  5119 | D:5      | Entered Level 5 of the Dungeon
  5145 | D:5      | Reached skill level 3 in Conjurations
  5145 | D:5      | Reached XP level 7. HP: 26/46 MP: 3/12
  5806 | D:5      | Reached skill level 4 in Spellcasting
  5808 | D:5      | Reached skill level 4 in Fire Magic
  5880 | D:5      | Learned a level 3 spell: Stone Arrow
  5892 | D:5      | Reached XP level 8. HP: 52/52 MP: 7/14
  5903 | D:5      | Reached skill level 3 in Throwing
  6130 | D:5      | Identified a scroll of acquirement
  6131 | D:5      | Acquired 930 gold pieces
  6380 | D:4      | Bought a +2 helmet of intelligence for 301 gold pieces
  6479 | D:1      | Bought a manual of Evocations for 800 gold pieces
  6605 | D:6      | Found a staircase to the Ecumenical Temple.
  6615 | Temple   | Entered the Ecumenical Temple
  6884 | Temple   | Became a worshipper of Vehumet
  7749 | D:6      | Learned a level 2 spell: Poisonous Vapours
  7936 | D:6      | Reached skill level 4 in Conjurations
  7936 | D:6      | Reached skill level 1 in Earth Magic
  7943 | D:6      | Reached skill level 3 in Evocations
  8210 | D:6      | Reached skill level 1 in Air Magic
  8210 | D:6      | Reached skill level 1 in Poison Magic
  8378 | D:6      | Reached skill level 1 in Shields
  8389 | D:6      | Reached skill level 2 in Earth Magic
  8401 | D:6      | Reached XP level 9. HP: 29/57 MP: 0/16
  8541 | D:6      | Noticed Blork the orc
  8543 | D:6      | Killed Blork the orc
  8544 | D:6      | Reached skill level 2 in Air Magic
  8555 | D:6      | Reached skill level 2 in Poison Magic
  8799 | D:6      | Noticed Maggie
  8979 | D:6      | Killed Maggie
  8980 | D:6      | Reached skill level 5 in Spellcasting
  8980 | D:6      | Reached skill level 5 in Fire Magic
  8980 | D:6      | Reached skill level 4 in Evocations
  9195 | D:6      | Found a hide-covered altar of Uskayaw.
  9205 | D:6      | Reached skill level 3 in Earth Magic
  9281 | D:6      | Found a stormy altar of Qazlal.
  9306 | D:6      | Reached skill level 5 in Conjurations
  9704 | D:7      | Found a burning altar of Makhleb.
  9810 | D:7      | Reached skill level 2 in Shields
  9918 | D:7      | Found Zuriecva's Antique Weapon Emporium.
  9928 | D:7      | Bought a glimmering trident for 212 gold pieces
  9928 | D:7      | Identified the +2 trident "Jellyslayer" {protect, *Slow
                  | rF++ Will++ SInv} (You bought it in a shop on level 7 of
                  | the Dungeon)
 10131 | D:7      | Found a flagged portal.
 10132 | D:7      | Reached skill level 3 in Poison Magic
 10137 | D:7      | Reached skill level 3 in Air Magic
 10149 | D:7      | Reached * piety under Vehumet
 10149 | D:7      | Offered knowledge of Sandblast by Vehumet.
 10278 | Bailey   | Entered a bailey
 10490 | Bailey   | Reached XP level 10. HP: 63/63 MP: 8/18
 10678 | Bailey   | Reached skill level 4 in Throwing
 10761 | Bailey   | Learned a level 4 spell: Olgreb's Toxic Radiance
 10808 | Bailey   | Reached ** piety under Vehumet
 10808 | Bailey   | Offered knowledge of Kiss of Death by Vehumet.
 11081 | Bailey   | Reached skill level 5 in Throwing
 11081 | Bailey   | Reached skill level 4 in Shields
 11081 | Bailey   | Reached skill level 7 in Spellcasting
 11081 | Bailey   | Reached skill level 7 in Conjurations
 11081 | Bailey   | Reached skill level 6 in Earth Magic
 11081 | Bailey   | Reached skill level 6 in Poison Magic
 11081 | Bailey   | Reached XP level 11. HP: 68/68 MP: 18/21
 11352 | D:7      | Found a blossoming altar of Fedhas.
 11513 | D:8      | Reached skill level 6 in Fire Magic
 11557 | D:8      | Noticed Joseph
 11566 | D:8      | Killed Joseph
 11567 | D:8      | Reached skill level 4 in Air Magic
 11683 | D:8      | Reached skill level 5 in Evocations
 11802 | D:8      | Found a staircase to the Lair.
 12931 | D:9      | Noticed a two-headed ogre
 12937 | D:9      | Killed a two-headed ogre
 12937 | D:9      | Offered knowledge of Momentum Strike by Vehumet.
 13062 | D:9      | Found Bihan's Armour Boutique.
 13246 | D:9      | Found Kihuruq's Jewellery Boutique.
 13295 | D:9      | Found Seso's Distillery.
 13303 | D:9      | Bought a potion of attraction for 42 gold pieces
 13303 | D:9      | Bought a potion of magic for 112 gold pieces
 13303 | D:9      | Bought a potion of curing for 42 gold pieces
 13303 | D:9      | Bought a potion of heal wounds for 70 gold pieces
 13303 | D:9      | Bought a potion of haste for 140 gold pieces
 13303 | D:9      | Bought a potion of lignification for 42 gold pieces
 13303 | D:9      | Bought a potion of heal wounds for 70 gold pieces
 13420 | D:9      | Found Posets's Weapon Emporium.
 13423 | D:9      | Noticed a two-headed ogre
 13430 | D:9      | Killed a two-headed ogre
 13431 | D:9      | Reached XP level 12. HP: 74/74 MP: 15/23
 13503 | D:9      | Identified the +4 trident "Pougoh" {freeze, *Slow Fly rElec
                  | rCorr}
 13504 | D:9      | Found a runed translucent door.
 13505 | D:9      | Noticed sargonster's ghost (novice HOBe)
 13722 | D:10     | Entered Level 10 of the Dungeon
 13730 | D:10     | Reached *** piety under Vehumet
 14035 | D:10     | Reached skill level 8 in Conjurations
 14047 | D:10     | Noticed a soul eater
 14078 | D:10     | Reached skill level 6 in Evocations
 14272 | D:10     | Reached skill level 5 in Air Magic
 14272 | D:10     | Reached skill level 7 in Earth Magic
 14382 | D:10     | Found a runed translucent door.
 14413 | D:10     | Found a basalt altar of Yredelemnul.
 14422 | D:10     | Offered knowledge of Dazzling Flash by Vehumet.
 14908 | D:11     | Reached skill level 7 in Fire Magic
 14960 | D:11     | Reached skill level 7 in Poison Magic
 15211 | D:11     | Noticed a large abomination
 15216 | D:11     | Killed a large abomination
 15217 | D:11     | Reached skill level 1 in Fighting
 15217 | D:11     | Reached skill level 5 in Shields
 15219 | D:11     | Reached **** piety under Vehumet
 15220 | D:11     | Reached skill level 1 in Stealth
 15220 | D:11     | Reached skill level 8 in Spellcasting
 15236 | D:11     | Noticed a large abomination
 15242 | D:11     | Reached skill level 1 in Dodging
 15346 | D:11     | Killed a large abomination
 15346 | D:11     | Offered knowledge of Irradiate by Vehumet.
 15568 | D:11     | Reached skill level 6 in Throwing
 15626 | D:11     | Found a staircase to the Orcish Mines.
 15631 | D:11     | Reached ***** piety under Vehumet
 15631 | D:11     | Offered knowledge of Eringya's Noxious Bog by Vehumet.
 15632 | D:11     | Reached XP level 13. HP: 36/82 MP: 25/25
 16213 | D:12     | Learned a level 6 spell: Eringya's Noxious Bog
 16243 | D:12     | Reached skill level 2 in Stealth
 16243 | D:12     | Reached skill level 6 in Air Magic
 16467 | D:12     | Reached skill level 7 in Evocations
 16485 | D:12     | Reached skill level 2 in Fighting
 16729 | D:12     | Reached skill level 2 in Dodging
 17036 | D:12     | Learned a level 4 spell: Sticky Flame
 17242 | Lair:1   | Entered Level 1 of the Lair of Beasts
 17346 | Lair:1   | Reached skill level 8 in Earth Magic
 17420 | Lair:1   | Reached skill level 8 in Fire Magic
 17672 | Lair:1   | Reached skill level 9 in Conjurations
 18304 | Lair:2   | Noticed a four-headed hydra
 18309 | Lair:2   | Killed a four-headed hydra
 18310 | Lair:2   | Reached skill level 3 in Stealth
 18310 | Lair:2   | Reached skill level 8 in Poison Magic
 18311 | Lair:2   | Noticed Amaemon
 18405 | Lair:2   | Killed Amaemon
 18449 | Lair:2   | Reached XP level 14. HP: 91/91 MP: 21/26
 18457 | Lair:2   | Found a runed translucent gate.
 18457 | Lair:2   | Found a runed translucent gate.
 18457 | Lair:2   | Found a runed translucent gate.
 18458 | Lair:2   | Noticed TheSexyCheese's ghost (journeyman OgFE)
 18468 | Lair:2   | Learned a level 4 spell: Flame Wave
 18673 | Lair:2   | Reached skill level 5 in Transmutations
 18705 | Lair:2   | Identified the ring "Ryuqoq" {Drain rF+ Int+7 Dex-3}
 18755 | Lair:2   | Offered knowledge of Spellforged Servitor by Vehumet.
 18964 | Lair:2   | Found a staircase to the Snake Pit.
 19392 | Lair:3   | Found a gate leading to a gauntlet.
 19406 | Lair:3   | Reached skill level 3 in Dodging
 19406 | Lair:3   | Reached skill level 7 in Air Magic
 19415 | Gauntlet | Entered a Gauntlet
 19415 | Gauntlet | Found a transporter.
 19415 | Gauntlet | Found a transporter.
 19421 | Gauntlet | Found a transporter.
 19421 | Gauntlet | Found a transporter.
 19439 | Gauntlet | Found a transporter.
 19449 | Gauntlet | Found a transporter.
 19449 | Gauntlet | Found a transporter.
 19452 | Gauntlet | Found a transporter.
 19458 | Gauntlet | Found a transporter.
 19464 | Gauntlet | Found a transporter.
 19510 | Gauntlet | Found a transporter.
 19537 | Gauntlet | Found a transporter.
 19547 | Gauntlet | Found a transporter.
 19562 | Gauntlet | Found a transporter.
 19662 | Gauntlet | Found a transporter.
 19682 | Gauntlet | Found a transporter.
 19904 | Gauntlet | Identified the ring of the Bellicose God {rElec Dex+6
                  | Slay+3}
 19941 | Gauntlet | Reached skill level 3 in Fighting
 19941 | Gauntlet | Reached skill level 9 in Spellcasting
 19941 | Gauntlet | Reached skill level 8 in Evocations
 20109 | Gauntlet | Noticed a minotaur
 20117 | Gauntlet | Killed a minotaur
 20122 | Gauntlet | Identified a potion of resistance
 20125 | Gauntlet | Identified the +2 pair of gloves of Valour {rElec Int+2}
 20125 | Gauntlet | Identified the +1 short sword of Victory {venom, rPois
                  | Str+6 Int-5 Dex+2}
 20617 | Lair:3   | Found a staircase to the Swamp.
 20879 | Lair:4   | Learned a level 7 spell: Spellforged Servitor
 20941 | Lair:4   | Reached skill level 6 in Shields
 20952 | Lair:4   | Reached skill level 4 in Stealth
 20960 | Lair:4   | Reached skill level 9 in Fire Magic
 21035 | Lair:4   | Reached skill level 1 in Summonings
 21449 | Lair:4   | Reached skill level 9 in Poison Magic
 21641 | Lair:5   | Entered Level 5 of the Lair of Beasts
 21644 | Lair:5   | Reached skill level 6 in Transmutations
 21667 | Lair:5   | Reached XP level 15. HP: 85/98 MP: 19/28
 21713 | Lair:5   | HP: 1/98 [death yak (18)]
 21717 | Lair:5   | Noticed Sonja
 21720 | Lair:5   | Reached skill level 10 in Conjurations
 21721 | Lair:5   | Killed Sonja
 21851 | Lair:5   | Reached skill level 2 in Summonings
 21983 | Lair:5   | Offered knowledge of Arcjolt by Vehumet.
 21986 | Lair:5   | Reached skill level 8 in Air Magic
 22092 | Lair:5   | Reached skill level 4 in Dodging
 22317 | Lair:5   | Found a runed translucent door.
 22317 | Lair:5   | Found a viscous altar of Jiyva.
 22318 | Lair:5   | Noticed an acid blob
 22322 | Lair:5   | Found a staircase to the Slime Pits.
 22341 | Lair:5   | Reached skill level 4 in Fighting
 22423 | Lair:5   | Reached skill level 3 in Summonings
 22469 | Lair:5   | Reached skill level 9 in Evocations
 23654 | D:13     | Identified the +2 robe of the Gloaming {rElec rF++ Str-2}
 23930 | D:13     | Found a gate to the Vaults.
 24207 | D:14     | Found an ancient bone altar of Kikubaaqudgha.
 24298 | D:14     | Reached skill level 7 in Transmutations
 24334 | D:14     | Reached ****** piety under Vehumet
 24336 | D:14     | Reached skill level 5 in Stealth
 24423 | D:14     | You fall into a shaft and drop 1 floor!
 24423 | D:15     | Entered Level 15 of the Dungeon
 24489 | D:15     | Reached XP level 16. HP: 43/107 MP: 19/29
 24662 | D:14     | Found Acollos's Magic Scroll Boutique.
 24904 | D:14     | Found an ornate altar of the Wu Jian Council.
 25008 | D:14     | Reached skill level 10 in Fire Magic
 25011 | D:14     | Reached skill level 4 in Summonings
 25437 | D:15     | Learned a level 2 spell: Blink
 25469 | D:15     | Identified the ring of Deweh {Fire rN+++ Will++ Int-3}
 25472 | D:15     | Acquired the +7 kite shield "Ucwac" {+Blink +Inv Stlth+}
 25632 | D:15     | Reached skill level 10 in Spellcasting
 25748 | D:15     | Found a staircase to the Depths.
 25748 | D:15     | Noticed a frost giant
 25757 | D:15     | Killed from afar by a frost giant

Vanquished Creatures
  A minotaur (Gauntlet)
  A hydra (Lair:2)
  2 ogre magi
  A rakshasa (D:14)
  A centaur warrior (D:13)
  18 death yaks
  A death knight (D:14)
  8 two-headed ogres
  A boulder beetle (D:15)
  3 tengu warriors
  Sonja (Lair:5)
  A skyshark (Lair:5)
  5 large abominations (D:11)
  Amaemon (Lair:2)
  A death drake (Gauntlet)
  A spectral wolf spider (Gauntlet)
  A wizard (D:11)
  3 deep elf pyromancers
  3 manticores
  7 ugly things
  3 cyclopes
  A rust devil (Gauntlet)
  4 black mambas
  4 elephants (Lair:5)
  A spectral centaur (Gauntlet)
  Joseph (D:8)
  A torpor snail (Gauntlet)
  A gargoyle (D:13)
  A cane toad (shapeshifter) (D:15)
  Maggie (D:6)
  An orange demon (Lair:2)
  12 cane toads
  4 komodo dragons
  A rime drake (Lair:4)
  2 kobold demonologists (D:10)
  An efreet (D:14)
  A tengu conjurer (D:14)
  4 trolls
  5 polar bears (Lair:5)
  6 hornets
  13 blink frogs
  18 slime creatures
  3 wraiths
  2 shadows
  11 spriggans (Lair:5)
  3 water elementals
  A ynoxinul (Gauntlet)
  A human (D:10)
  59 yaks
  A basilisk (shapeshifter) (D:14)
  9 wyverns
  17 vampire mosquitoes
  3 basilisks
  4 steam dragons
  3 nagas (Lair:2)
  An acid dragon (D:13)
  9 water moccasins
  7 small abominations
  15 orc warriors
  5 black bears
  An ice beast (D:6)
  4 boggarts (Lair:5)
  2 ogres
  35 wolves
  A phantom (D:6)
  12 centaurs
  6 kobold brigands
  Blork the orc (D:6)
  9 bullfrogs
  3 scorpions
  A gnoll sergeant (D:12)
  18 wights
  6 killer bees (D:10)
  2 howler monkeys (D:6)
  4 electric eels (D:14)
  A human zombie (D:10)
  8 hounds
  4 orc priests
  6 jellies
  2 gnoll boudas
  4 iron imps (Gauntlet)
  5 sleepcaps
  Ijyb (D:4)
  5 iguanas
  11 orc wizards
  Robin (D:4)
  8 gnolls
  4 adders
  2 shadow imps
  2 white imps
  An ufetubus (D:5)
  3 worms (D:2)
  2 dart slugs
  65 orcs
  10 endoplasms
  7 giant cockroaches
  16 goblins
  14 hobgoblins
  3 jackals (D:3)
  2 quokkas
  9 ball pythons
  4 bats
  A frilled lizard (D:1)
  29 kobolds
  4 rats
640 creatures vanquished.

Vanquished Creatures (collateral kills)
  4 foxfires
4 creatures vanquished.

Vanquished Creatures (others)
  1037 foxfires
  16 fungi
  86 plants
  2 withered plants (Gauntlet)
1141 creatures vanquished.

Grand Total: 1785 creatures vanquished

Table legend: (Time is in decaauts)
 A = Elapsed time spent in this place.
 B = Non-inter-level travel time spent in this place.
 C = Inter-level travel time spent in this place.
 D = Time resting spent in this place.
 E = Time spent auto-exploring this place.
 F = Levels seen in this place.
 G = Mean time per level.
                   A        B        C        D        E       F      G
               +--------+--------+--------+--------+--------+-----+--------+
         Total |  25898 |  24357 |   1541 |    869 |  18940 |  23 | 1126.0 |
       Dungeon |  18954 |  17664 |   1290 |    702 |  13968 |  15 | 1263.6 |
        Temple |    291 |    249 |     42 |      0 |    243 |   1 |  291.0 |
          Lair |   5109 |   4900 |    209 |     97 |   3687 |   5 | 1021.8 |
        Bailey |    807 |    807 |      0 |      0 |    651 |   1 |  807.0 |
      Gauntlet |    736 |    736 |      0 |     70 |    390 |   1 |  736.0 |
               +--------+--------+--------+--------+--------+-----+--------+

Top non-repeatable levels by time:
     D:6: 2127 daAuts
     D:5: 1746 daAuts
     D:4: 1537 daAuts
     D:3: 1534 daAuts
     D:8: 1491 daAuts
  Lair:5: 1354 daAuts
     D:1: 1268 daAuts
    D:12: 1223 daAuts
     D:2: 1202 daAuts
    D:11: 1180 daAuts
  Lair:1: 1174 daAuts
    D:10: 1157 daAuts
    D:14: 1155 daAuts
     D:7: 983 daAuts
    D:13: 966 daAuts

Table legend:
 A = Non-vault XP
 B = Vault XP
 C = Vault XP percentage of total XP
 D = Non-vault monster count
 E = Vault monster count
 F = Vault count percentage of total count
                 A         B        C        D         E       F
            +---------+---------+-------+---------+---------+-------
      Total |   85707 |   29371 |  25.5 |     440 |     200 |  31.2
            +---------+---------+-------+---------+---------+-------
        D:1 |      31 |       0 |   0.0 |      18 |       0 |   0.0
        D:2 |      34 |      26 |  43.3 |      14 |       6 |  30.0
        D:3 |      73 |       0 |   0.0 |      20 |       0 |   0.0
        D:4 |     151 |     113 |  42.8 |      14 |      16 |  53.3
        D:5 |     503 |     118 |  19.0 |      16 |       1 |   5.9
        D:6 |     602 |    1384 |  69.7 |      15 |      19 |  55.9
        D:7 |     970 |       8 |   0.8 |      18 |       4 |  18.2
        D:8 |    2265 |     526 |  18.8 |      32 |       5 |  13.5
        D:9 |    3521 |       0 |   0.0 |      20 |       0 |   0.0
       D:10 |    3000 |     335 |  10.0 |      29 |       3 |   9.4
       D:11 |    4115 |    4574 |  52.6 |      28 |      34 |  54.8
       D:12 |    6039 |       0 |   0.0 |      29 |       0 |   0.0
       D:13 |    5984 |    2462 |  29.1 |      22 |       3 |  12.0
       D:14 |    8312 |       0 |   0.0 |      22 |       0 |   0.0
       D:15 |    7136 |     809 |  10.2 |      11 |       1 |   8.3
     Lair:1 |    6157 |    1531 |  19.9 |      30 |      15 |  33.3
     Lair:2 |    5068 |    1637 |  24.4 |      21 |       5 |  19.2
     Lair:3 |    7191 |     841 |  10.5 |      15 |       2 |  11.8
     Lair:4 |    8578 |     364 |   4.1 |      25 |       1 |   3.8
     Lair:5 |   15977 |    8126 |  33.7 |      41 |      40 |  49.4
     Bailey |       0 |    1141 | 100.0 |       0 |      28 | 100.0
   Gauntlet |       0 |    5376 | 100.0 |       0 |      17 | 100.0
            +---------+---------+-------+---------+---------+-------
